 Dungeon Crawl Stone Soup version 0.27.1 (webtiles) character file.

Game seed: 12212044740798577269

105 acemry the Chopper (level 4, -7/39 HPs)
             Began as a Minotaur Fighter on Sept 4, 2021.
             Mangled by a gnoll shaman (10 damage)
             ... on level 3 of the Dungeon.
             The game lasted 00:04:32 (2309 turns).

acemry the Chopper (Minotaur Fighter)               Turns: 2309, Time: 00:04:33

Health: -7/39      AC:  6    Str: 21    XL:     4   Next: 53%
Magic:  3/3        EV:  9    Int:  5    God:
Gold:   32         SH:  0    Dex: 10    Spells: 3/3 levels left

rFire    . . .     SeeInvis .   a - +0 war axe
rCold    . . .     Faith    .   (no shield)
rNeg     . . .     Spirit   .   b - +0 scale mail
rPois    .         Reflect  .   (helmet restricted)
rElec    .         Harm     .   (no cloak)
rCorr    .         Rampage  .   (no gloves)
Will     .....                  (no boots)
Stlth    ..........             (no amulet)
HPRegen  0.13/turn              (no ring)
MPRegen  0.08/turn              (no ring)

@: lit by a corona, glowing
A: horns 2, retaliatory headbutt
a: no special abilities


You were on level 3 of the Dungeon.
You visited 1 branch of the dungeon, and saw 3 of its levels.

You collected 32 gold pieces.

Inventory:

Hand Weapons
 a - a +0 war axe (weapon)
Missiles
 k - 20 poisoned darts (quivered)
Armour
 b - a +0 scale mail (worn)
 c - a +0 kite shield
Scrolls
 e - 3 scrolls of identify {unknown}
 j - a scroll of vulnerability {unknown}
 m - a scroll of immolation {unknown}
Potions
 d - a potion of might
 f - a potion of magic {unknown}
 g - a potion of flight {unknown}
 h - a potion of brilliance {unknown}
 l - a potion of haste {unknown}


   Skills:
 - Level 3.6 Fighting
 + Level 5.9 Axes
 - Level 3.6 Armour
 - Level 3.6 Shields


You had 3 spell levels left.
You didn't know any spells.
Your spell library contained the following spells:

 Spells                   Type           Power      Damage    Failure   Level
 Sublimation of Blood     Necr           0%         N/A       91%         2
 Wereblood                Tmut           0%         N/A       91%         2
 Summon Hydra             Summ           0%         N/A       100%        7


Dungeon Overview and Level Annotations

Branches:
Dungeon (3/15)

Altars:
Makhleb


Innate Abilities, Weirdness & Mutations

You have a pair of horns on your head.
You reflexively headbutt those who attack you in melee.


Message History

The gnoll shaman is severely wounded.
You barely miss the gnoll. The gnoll hits you with a +0 flail.
The gnoll hits you from afar with a +0 spear.
* * * LOW HITPOINT WARNING * * *
The gnoll barely misses you. You furiously retaliate!
You headbutt the gnoll.
It was a potion of curing.
You feel better. The gnoll misses you. The gnoll closely misses you.
You furiously retaliate!
You headbutt the gnoll! You slash the gnoll!
You kill the gnoll!
You hit the gnoll shaman but do no damage.
You hit the gnoll.
You kill the gnoll!
The gnoll hits you from afar with a +0 spear.
* * * LOW HITPOINT WARNING * * *
You feel better.
The gnoll shaman invokes the aid of its god against you.
You are outlined in light.
The gnoll hits you but does no damage.
The gnoll throws a throwing net.
The throwing net hits you.
You become entangled in the net!
You struggle against the net.
The gnoll shaman barely misses you.
The giant cockroach bites you but does no damage.
The gnoll hits you from afar with a +0 spear.
The giant cockroach completely misses you.
You furiously retaliate!
You headbutt the giant cockroach!
You kill the giant cockroach!
You struggle against the net.
The giant cockroach bites you but does no damage.
The gnoll shaman hits you with a +0 whip.
* * * LOW HITPOINT WARNING * * *
The gnoll hits you from afar with a +0 spear.
* * * LOW HITPOINT WARNING * * *
The giant cockroach bites you but does no damage.
You struggle against the net.
The gnoll shaman hits you with a +0 whip.
* * * LOW HITPOINT WARNING * * *
The gnoll hits you but does no damage. x2
The giant cockroach bites you but does no damage.
You shred the net and break free!
The gnoll shaman hits you with a +0 whip!
You die...

###########
#.........#
#.♣g♣♣♣+♣.
#########.♣@Bg..♣
#.........♣g###.♣
#.########♣.....♣
######.# +.._..+
...†...# ♣.....♣
.####### ♣.###.♣
.# ♣.....♣ .#
♣+♣♣♣+♣
.#########


You could see a gnoll shaman, 2 gnolls and a giant cockroach.

Vanquished Creatures
  2 gnolls (D:3)
  2 adders (D:2)
  2 worms (D:2)
  7 endoplasms
  3 giant cockroaches
  5 hobgoblins
  8 jackals
  5 ball pythons (D:1)
  4 bats
  4 frilled lizards
  10 goblins
  8 rats
60 creatures vanquished.

Notes
Turn   | Place    | Note
-------+----------+-------------------------------------------
     0 | D:1      | acemry the Minotaur Fighter began the quest for the Orb.
     0 | D:1      | Reached XP level 1. HP: 19/19 MP: 0/0
   127 | D:1      | Reached skill level 3 in Axes
   147 | D:1      | Found a faded altar of an unknown god.
   223 | D:1      | Reached XP level 2. HP: 26/26 MP: 1/1
   483 | D:1      | Reached skill level 4 in Axes
   722 | D:1      | Reached XP level 3. HP: 30/31 MP: 2/2
  1240 | D:2      | Reached skill level 5 in Axes
  1895 | D:2      | Reached XP level 4. HP: 39/39 MP: 3/3
  2294 | D:3      | Found a burning altar of Makhleb.
  2309 | D:3      | Mangled by a gnoll shaman

Illustrated notes

Levels and vault maps discovered:
D:1:      scummos_arrival_hexagon, layout_loops_ring,
          ebering_ecumenical_altar_webs, minmay_shallow_snake_nest
D:2:      layout_loops_corners
D:3:      layout_loops_ring, mainiacjoe_overflow_alcove_4,
          mainiacjoe_overflow_six_doors_small

Skill      XL: |  1  2  3 |
---------------+----------+-----
Axes           | 3 4 5 |  5.9
Fighting       | |  3.6
Armour         | |  3.6
Shields        | |  3.6

Action                   |  1- 3 |  4- 6 || total
-------------------------+-------+-------++-------
Melee: War axe           |    77 |    24 ||   101
       Headbutt          |     9 |     8 ||    17
  Use: Potion            |       |     2 ||     2
Armor: Scale mail        |    39 |    22 ||    61
Dodge: Dodged            |    32 |    20 ||    52
Block: Kite shield       |     4 |       ||     4
